 Dungeon Crawl Stone Soup version 0.26.1-10-gdfb7c7de75 (webtiles) character file.

Game seed: 14497523845065410022

39770 jlumianski the Thaumaturge (level 14, -16/121 HPs)
             Began as a Gnoll Warper on Apr 8, 2021.
             Was a High Priest of Sif Muna.
             Demolished by a boulder beetle (44 damage)
             ... on level 13 of the Dungeon.
             The game lasted 01:55:09 (21566 turns).

jlumianski the Thaumaturge (Gnoll Warper)          Turns: 21566, Time: 01:55:10

Health: -16/121    AC: 12    Str: 15    XL:     14   Next: 8%
Magic:  33/37      EV: 19    Int: 20    God:    Sif Muna [*****.]
Gold:   915        SH:  5    Dex: 16    Spells: 11/33 levels left

rFire    . . .     SeeInvis +   o - +5 dagger of Proximity {flame, rC- Str+2 SInv Stlth+}
rCold    x . .     Faith    .   (no shield)
rNeg     . . .     Spirit   .   J - +0 troll leather armour
rPois    .         Reflect  +   z - +1 helmet
rElec    .         Harm     .   (no cloak)
rCorr    .         Rampage  +   v - +1 pair of gloves
Will     ++...                  V - +1 pair of boots {rampage}
Stlth    +++++.....             A - amulet of reflection
HPRegen  0.70/turn              K - ring of Tagus {Will+ MP+9 Str-2 Slay+6}
MPRegen  0.25/turn              Q - ring of wizardry

@: no status effects
A: distributed training, fangs 1, robust 1, strong 1, strong nose
a: Renounce Religion, Channel Magic, Forget Spell, Divine Exegesis


You were on level 13 of the Dungeon.
You worshipped Sif Muna.
Sif Muna was extremely pleased with you.
You visited 2 branches of the dungeon, and saw 16 of its levels.

You collected 915 gold pieces.

Inventory:

Hand Weapons
 e - a +6 battleaxe
 o - the +5 dagger of Proximity (weapon) {flame, rC- Str+2 SInv Stlth+}
   (You found it on level 11 of the Dungeon)

   It has been specially enchanted to burn those struck by it, causing extra
   injury to most foes and up to half again as much damage against particularly
   susceptible opponents.
   It affects your strength (+2).
   It makes you vulnerable to cold.
   It lets you see invisible.
   It makes you more stealthy.
 y - a +5 mace of protection
 D - a +8 longbow
 L - a +0 war axe of freezing
 N - a +2 shortbow of freezing
 S - a +3 war axe of freezing
 U - a +2 hand crossbow of flaming
Missiles
 c - 290 bolts
 h - 14 boomerangs
 i - 5 curare-tipped darts
 j - 12 javelins
 m - 73 poisoned darts (quivered)
 M - 110 arrows
Armour
 b - a +0 leather armour
 f - a +0 tower shield
 v - a +1 pair of gloves (worn)
 z - a +1 helmet (worn)
 C - the +2 scale mail of Hospitality {rF++ rN+++ rCorr Stlth-}
   (You found it on level 13 of the Dungeon)

   It greatly protects you from fire.
   It renders you almost immune to negative energy.
   It provides partial protection from all sources of acid and corrosion.
   It makes you less stealthy.
 G - a +0 hat
 J - a +0 troll leather armour (worn)
 P - the +7 chain mail of Impressiveness {*Corrode +Inv rF+++ Dex-3}
   (You found it on level 6 of the Dungeon)

   It affects your dexterity (-3).
   It renders you almost immune to fire.
   It lets you turn invisible.
   It may corrode you when you take damage.
 V - a +1 pair of boots of rampaging (worn)
Jewellery
 a - an uncursed ring of resist corrosion
 A - an amulet of reflection (around neck)
 E - an uncursed amulet of the acrobat
 K - the ring of Tagus (left hand) {Will+ MP+9 Str-2 Slay+6}
   (You acquired it on level 7 of the Dungeon)

   [ring of magical power]

   It affects your strength (-2).
   It affects your accuracy and damage with ranged weapons and melee attacks
   (+6).
   It affects your willpower, your defense against some magical effects.
   It affects your magic capacity (+9).
 Q - a ring of wizardry (right hand)
Wands
 r - a wand of flame (15)
 x - a wand of random effects (16)
 H - a wand of polymorph (23)
 T - a wand of digging (6)
 X - a wand of disintegration (15)
 Y - a wand of iceblast (8)
 Z - a wand of acid (8)
Scrolls
 d - 2 scrolls of blinking
 g - 4 scrolls of identify
 l - 4 scrolls of fog
 p - 3 scrolls of remove curse
 t - 7 scrolls of teleportation
 u - a scroll of immolation
 w - a scroll of amnesia
 R - a scroll of fear
Potions
 k - 2 potions of magic
 n - 5 potions of curing
 q - 2 potions of lignification
 B - a potion of mutation
 F - a potion of haste
 I - 5 potions of might
Miscellaneous
 s - a tin of tremorstones (2/2)
 O - a lightning rod (4/4)


   Skills:
 + Level 10.0 Fighting
 + Level 8.9 Short Blades
 + Level 8.9 Long Blades
 + Level 10.0 Axes
 + Level 8.9 Maces & Flails
 + Level 8.9 Polearms
 + Level 8.9 Staves
 + Level 8.9 Slings
 + Level 8.9 Bows
 + Level 8.9 Crossbows
 + Level 9.3 Throwing
 + Level 9.3 Armour
 + Level 10.0 Dodging
 + Level 8.9 Stealth
 + Level 8.9 Shields
 + Level 8.9 Unarmed Combat
 + Level 10.2 Spellcasting
 + Level 7.4 Conjurations
 + Level 7.4 Hexes
 + Level 7.4 Summonings
 + Level 7.4 Necromancy
 + Level 9.3 Translocations
 + Level 7.4 Transmutations
 + Level 7.4 Fire Magic
 + Level 7.4 Ice Magic
 + Level 7.4 Air Magic
 + Level 7.4 Earth Magic
 + Level 7.4 Poison Magic
 + Level 9.7 Invocations
 + Level 8.9 Evocations


You had 11 spell levels left.
You knew the following spells:

 Your Spells              Type           Power        Failure   Level
a - Blink                 Tloc           N/A          1%          2
b - Gell's Gravitas       Tloc           23%          1%          3
c - Teleport Other        Tloc           47%          1%          3
d - Inner Flame           Hex/Fire       39%          1%          3
e - Portal Projectile     Hex/Tloc       86%          1%          3
f - Summon Lightning Spi  Summ/Air       39%          1%          4
g - Sticky Flame          Conj/Fire      39%          1%          4

Your spell library contained the following spells:

 Spells                   Type           Power        Failure   Level
 Apportation              Tloc           94%          1%          1
 Corona                   Hex            43%          1%          1
 Foxfire                  Conj/Fire      100%         1%          1
 Summon Small Mammal      Summ           100%         1%          1
 Call Imp                 Summ           39%          1%          2
 Passwall                 Tmut/Erth      32%          1%          2
 Poisonous Vapours        Pois/Air       78%          1%          2
 Slow                     Hex            39%          1%          2
 Call Canine Familiar     Summ           39%          1%          3
 Conjure Flame            Conj/Fire      39%          1%          3
 Lesser Beckoning         Tloc           23%          1%          3
 Mephitic Cloud           Conj/Pois/Air  39%          1%          3
 Spider Form              Tmut/Pois      19%          1%          3
 Summon Guardian Golem    Hex/Summ       39%          1%          3
 Tukima's Dance           Hex            39%          1%          3
 Cause Fear               Hex            19%          1%          4
 Dispel Undead            Necr           39%          1%          4
 Leda's Liquefaction      Hex/Erth       19%          1%          4
 Passage of Golubria      Tloc           N/A          1%          4
 Summon Ice Beast         Ice/Summ       39%          1%          4
 Alistair's Intoxication  Tmut/Pois      26%          4%          5
 Bolt of Magma            Conj/Fire/Erth 19%          4%          5
 Fireball                 Conj/Fire      19%          4%          5
 Lee's Rapid Deconstruct  Erth           19%          4%          5
 Freezing Cloud           Conj/Ice/Air   19%          24%         6
 Invisibility             Hex            39%          24%         6
 Iron Shot                Conj/Erth      19%          24%         6
 Statue Form              Tmut/Erth      26%          24%         6
 Summon Hydra             Summ           19%          75%         7
 Borgnjor's Revivificati  Necr           19%          100%        8
 Death's Door             Necr           19%          100%        9
 Shatter                  Erth           19%          100%        9


Dungeon Overview and Level Annotations

Branches:
Dungeon (15/15)            Temple (1/1) D:5            Lair (0/6) D:10
    Orc (0/2) D:10         Vaults (0/5) D:13
 Depths: D:15

Altars:
Ashenzari
Cheibriados
Dithmenos
Elyvilon
Fedhas
Hepliaklqana
Kikubaaqudgha
Nemelex Xobeh
Okawaru
Qazlal
Sif Muna
Trog
Uskayaw
Vehumet
Xom
Yredelemnul
Zin
The Shining One

Shops:
D:11 (

Annotations:
D:4 Eustachio


Innate Abilities, Weirdness & Mutations

Your experience applies equally to all skills.
You have very sharp teeth.
Your uncanny sense of smell can sniff out nearby items.
You are robust. (+10% HP)
Your muscles are strong. (Str +2)


Message History

Your bite misses the boulder beetle.
The boulder beetle is moderately wounded.
The boulder beetle misses you.
You hit the boulder beetle but do no damage.
You bite the boulder beetle, but do no damage.
The boulder beetle is moderately wounded.
You hit the boulder beetle but do no damage.
You bite the boulder beetle, but do no damage.
The boulder beetle is moderately wounded.
The boulder beetle bites you!!
* * * LOW HITPOINT WARNING * * *
Casting: Blink (safe; 1% risk of failure)
Confirm with . or Enter, or press ? or * to list all spells.
You blink.
The boulder beetle curls into a ball and begins rolling!
Casting: Blink (safe; 1% risk of failure)
Confirm with . or Enter, or press ? or * to list all spells.
You blink.
The boulder beetle hits you!!!
You die...

###..## ......# ......#
......# .†....#
##'#######################
#...###..#.....°○...##...##
..............°.#B........#
................@.........#
................#.....)...#
#...##...####...##.##....##
#...##...####...##########
#...................#
....................#
................°...#
....................##
###.####...####......#


You could see a boulder beetle (very poisoned).

Vanquished Creatures
  Gastronok (D:12)
  A fire dragon (D:8)
  4 boulder beetles
  2 centaur warriors (D:14)
  Erica (D:10)
  A tengu warrior (D:13)
  9 two-headed ogres
  2 ogre magi (D:13)
  Sonja (D:13)
  A skeletal warrior (D:13)
  A wolf spider zombie (D:12)
  A deep elf mage (D:12)
  2 cyclopes
  3 manticores
  An elephant (shapeshifter) (D:8)
  2 centaur zombies (D:14)
  6 gargoyles
  2 komodo dragons
  A kobold demonologist (D:13)
  5 yaktaurs (D:13)
  3 trolls
  A tengu conjurer (D:13)
  6 slime creatures
  Sigmund (D:4)
  A centaur simulacrum (D:14)
  2 wyverns
  2 wraiths
  2 vampires (D:14)
  21 yaks
  Menkaure (D:7)
  2 acid dragons
  A water moccasin (D:10)
  A swamp drake (D:10)
  6 orc warriors
  2 black bears
  2 eyes of draining (D:12)
  A hornet zombie (D:9)
  4 sky beasts
  3 ice beasts
  A necrophage (D:12)
  16 centaurs
  9 ogres
  3 phantoms
  5 big kobolds
  8 bullfrogs
  A wyvern zombie (D:14)
  A water moccasin zombie (D:10)
  A wyvern skeleton (D:13)
  7 scorpions
  7 killer bees
  17 wights
  A howler monkey (D:8)
  A quasit (D:6)
  3 bullfrog zombies
  4 hounds
  3 jellies
  9 orc priests
  A bullfrog skeleton (D:13)
  9 centaur skeletons
  Terence (D:2)
  2 iguanas
  6 orc wizards
  16 worker ants
  4 hound skeletons
  A howler monkey zombie (D:9)
  A worker ant zombie (D:8)
  Robin (D:3)
  11 gnolls
  A howler monkey skeleton (D:9)
  13 adders
  A shadow imp (D:5)
  4 white imps
  An ufetubus (D:6)
  An ooze (D:5)
  An adder zombie (D:8)
  2 adder skeletons
  A worm (D:3)
  4 dart slugs
  4 leopard geckos
  55 orcs
  A ball python (D:7)
  5 giant cockroaches
  9 hobgoblins
  24 jackals
  2 quokkas
  9 bats
  A frilled lizard (D:3)
  A giant cockroach zombie (D:5)
  10 goblins
  A jackal zombie (D:6)
  8 kobolds
  3 leopard gecko skeletons
  A quokka skeleton (D:7)
  A quokka zombie (D:9)
  5 rats
428 creatures vanquished.

Vanquished Creatures (collateral kills)
  2 yaks (D:13)
2 creatures vanquished.

Vanquished Creatures (others)
  A wight (D:14)
  An orc wizard (D:6)
  A worker ant (D:6)
  An adder (D:6)
  An orc (D:6)
  A jackal (D:6)
  22 bushes (D:14)
  11 fungi (D:10)
  19 plants
58 creatures vanquished.

Grand Total: 488 creatures vanquished

Notes
Turn   | Place    | Note
-------+----------+-------------------------------------------
     0 | D:1      | jlumianski the Gnoll Warper began the quest for the Orb.
     0 | D:1      | Reached XP level 1. HP: 20/20 MP: 6/6
   317 | D:1      | Reached XP level 2. HP: 22/26 MP: 7/7
   784 | D:1      | Learned a level 2 spell: Blink
  1689 | D:2      | Reached XP level 3. HP: 28/31 MP: 9/9
  1693 | D:2      | Learned a level 3 spell: Gell's Gravitas
  1697 | D:2      | Learned a level 3 spell: Teleport Other
  1727 | D:2      | Reached skill level 5 in Spellcasting
  2213 | D:2      | Reached skill level 1 in Invocations
  2369 | D:2      | Reached skill level 1 in Short Blades
  2369 | D:2      | Reached skill level 1 in Long Blades
  2369 | D:2      | Reached skill level 1 in Maces & Flails
  2369 | D:2      | Reached skill level 1 in Polearms
  2369 | D:2      | Reached skill level 1 in Staves
  2369 | D:2      | Reached skill level 1 in Slings
  2369 | D:2      | Reached skill level 1 in Bows
  2369 | D:2      | Reached skill level 1 in Crossbows
  2369 | D:2      | Reached skill level 1 in Stealth
  2369 | D:2      | Reached skill level 1 in Shields
  2369 | D:2      | Reached skill level 1 in Unarmed Combat
  2369 | D:2      | Reached skill level 1 in Evocations
  2379 | D:2      | Reached XP level 4. HP: 38/38 MP: 0/11
  2620 | D:2      | Reached skill level 1 in Conjurations
  2620 | D:2      | Reached skill level 1 in Hexes
  2620 | D:2      | Reached skill level 1 in Summonings
  2620 | D:2      | Reached skill level 1 in Necromancy
  2620 | D:2      | Reached skill level 1 in Transmutations
  2620 | D:2      | Reached skill level 1 in Fire Magic
  2620 | D:2      | Reached skill level 1 in Ice Magic
  2620 | D:2      | Reached skill level 1 in Air Magic
  2620 | D:2      | Reached skill level 1 in Earth Magic
  2620 | D:2      | Reached skill level 1 in Poison Magic
  2644 | D:2      | Noticed Terence
  2724 | D:2      | Killed Terence
  2725 | D:2      | Reached XP level 5. HP: 31/43 MP: 12/12
  3483 | D:3      | Noticed Robin
  3491 | D:3      | Killed Robin
  3652 | D:4      | Got a masterwork scale mail
  3653 | D:4      | Identified the cursed +1 scale mail of Itea {rElec Int+4}
                  | (You found it on level 4 of the Dungeon)
  3798 | D:4      | You fall into a shaft and drop 1 floor!
  3798 | D:5      | Entered Level 5 of the Dungeon
  3808 | D:5      | Noticed a centaur
  3842 | D:5      | Reached XP level 6. HP: 28/50 MP: 2/13
  3845 | D:5      | Reached skill level 5 in Fighting
  3845 | D:5      | Reached skill level 5 in Axes
  3845 | D:5      | Reached skill level 5 in Dodging
  4083 | D:5      | Noticed a +3 dagger
  4083 | D:5      | Noticed a +0 dagger
  4084 | D:5      | Found a hide-covered altar of Uskayaw.
  4159 | D:5      | Reached XP level 7. HP: 32/56 MP: 3/15
  4562 | D:4      | Found a sparkling altar of Nemelex Xobeh.
  4632 | D:4      | Noticed Sigmund
  4640 | D:4      | Killed Sigmund
  4715 | D:4      | Noticed Eustachio
  5089 | D:5      | Found a glowing silver altar of Zin.
  5168 | D:5      | Reached XP level 8. HP: 26/63 MP: 2/16
  5551 | D:5      | Found a staircase to the Ecumenical Temple.
  5562 | Temple   | Entered the Ecumenical Temple
  5575 | Temple   | Became a worshipper of Sif Muna the Loreminder
  5969 | D:6      | Found a shimmering altar of Xom.
  6272 | D:6      | Reached XP level 9. HP: 65/69 MP: 18/18
  6278 | D:6      | Got a brightly glowing chain mail
  6279 | D:6      | Identified the +7 chain mail of Impressiveness {*Corrode
                  | +Inv rF+++ Dex-3} (You found it on level 6 of the Dungeon)
  6500 | D:6      | Reached * piety under Sif Muna
  7771 | D:7      | Reached skill level 5 in Throwing
  7771 | D:7      | Reached skill level 5 in Armour
  7880 | D:7      | Noticed Menkaure
  7885 | D:7      | Killed Menkaure
  8208 | D:7      | Found a white marble altar of Elyvilon.
  8450 | D:7      | Reached ** piety under Sif Muna
  8677 | D:7      | Reached skill level 5 in Invocations
  9325 | D:8      | Reached XP level 10. HP: 63/77 MP: 20/20
  9369 | D:7      | Identified a scroll of acquirement
  9369 | D:7      | Acquired the ring of Tagus {Will+ MP+9 Str-2 Slay+6}
  9546 | D:9      | Learned a level 3 spell: Inner Flame
  9717 | D:9      | Reached skill level 5 in Short Blades
  9717 | D:9      | Reached skill level 5 in Long Blades
  9717 | D:9      | Reached skill level 5 in Maces & Flails
  9717 | D:9      | Reached skill level 5 in Polearms
  9717 | D:9      | Reached skill level 5 in Staves
  9717 | D:9      | Reached skill level 5 in Slings
  9717 | D:9      | Reached skill level 5 in Bows
  9717 | D:9      | Reached skill level 5 in Crossbows
  9717 | D:9      | Reached skill level 5 in Stealth
  9717 | D:9      | Reached skill level 5 in Shields
  9717 | D:9      | Reached skill level 5 in Unarmed Combat
  9717 | D:9      | Reached skill level 5 in Evocations
  9811 | D:8      | Found a transporter.
  9847 | D:8      | Noticed a fire dragon
  9848 | D:8      | Found a transporter.
  9903 | D:8      | Found a blossoming altar of Fedhas.
 10111 | D:8      | Noticed a lindwurm
 10185 | D:8      | Noticed an anaconda
 10353 | D:10     | Entered Level 10 of the Dungeon
 10450 | D:8      | Reached *** piety under Sif Muna
 10453 | D:8      | Noticed a sea snake
 10454 | D:8      | Noticed a lindwurm
 10454 | D:8      | a sea snake changed into a lindwurm
 10456 | D:8      | a lindwurm changed into a swamp worm
 10476 | D:8      | Noticed a lindwurm
 10476 | D:8      | a swamp worm changed into a lindwurm
 10496 | D:8      | Noticed a cyclops
 10496 | D:8      | a lindwurm changed into a cyclops
 10535 | D:8      | a cyclops changed into a tarantella
 10540 | D:8      | Noticed a harpy
 10540 | D:8      | a tarantella changed into a harpy
 10608 | D:8      | Noticed a fire crab
 10608 | D:8      | a harpy changed into a fire crab
 10620 | D:8      | a fire crab changed into a komodo dragon
 10638 | D:8      | Noticed a shining eye
 10638 | D:8      | a snapping turtle changed into a shining eye
 10728 | D:8      | Noticed a moth of wrath
 10728 | D:8      | a shining eye changed into a moth of wrath
 10761 | D:8      | Noticed a faun
 10764 | D:8      | a faun changed into a redback
 10818 | D:8      | Killed a fire dragon
 10894 | D:8      | Noticed a harpy
 10894 | D:8      | a komodo dragon changed into a harpy
 11308 | D:8      | Noticed a salamander
 11310 | D:8      | a salamander changed into a troll
 11312 | D:8      | Noticed a guardian serpent
 11312 | D:8      | a shapeshifter changed into a guardian serpent
 11318 | D:8      | Noticed an elephant
 11318 | D:8      | a guardian serpent changed into an elephant
 11326 | D:8      | Killed an elephant
 12756 | D:10     | Found a broken altar of Ashenzari.
 12809 | D:10     | Reached XP level 11. HP: 83/84 MP: 22/22
 12820 | D:10     | Noticed a two-headed ogre
 12828 | D:10     | Killed a two-headed ogre
 13074 | D:10     | Reached skill level 5 in Conjurations
 13074 | D:10     | Reached skill level 5 in Hexes
 13074 | D:10     | Reached skill level 5 in Summonings
 13074 | D:10     | Reached skill level 5 in Necromancy
 13074 | D:10     | Reached skill level 5 in Transmutations
 13074 | D:10     | Reached skill level 5 in Fire Magic
 13074 | D:10     | Reached skill level 5 in Ice Magic
 13074 | D:10     | Reached skill level 5 in Air Magic
 13074 | D:10     | Reached skill level 5 in Earth Magic
 13074 | D:10     | Reached skill level 5 in Poison Magic
 13268 | D:10     | Found a staircase to the Lair.
 13312 | D:10     | Reached **** piety under Sif Muna
 13671 | D:11     | Noticed a boulder beetle
 13731 | D:11     | Found Ifroros's Weapon Emporium.
 14200 | D:11     | Got a crystal dagger
 14201 | D:11     | Identified the +5 dagger of Proximity {flame, rC- Str+2
                  | SInv Stlth+} (You found it on level 11 of the Dungeon)
 14268 | D:11     | Noticed a manticore
 15044 | D:10     | Found a staircase to the Orcish Mines.
 15330 | D:11     | Reached ***** piety under Sif Muna
 15406 | D:11     | Identified Muemate's Guide on Necromancy and Companions
                  | (Sif Muna gifted it to you on level 11 of the Dungeon)
 15406 | D:11     | Received a gift from Sif Muna
 15439 | D:11     | Noticed Erica
 15593 | D:10     | Killed Erica
 15640 | D:11     | Killed a boulder beetle
 15641 | D:11     | Reached XP level 12. HP: 16/93 MP: 24/24
 16242 | D:13     | Noticed a boulder beetle
 16618 | D:12     | Killed a boulder beetle
 16740 | D:13     | Identified the +2 scale mail of Hospitality {rF++ rN+++
                  | rCorr Stlth-} (You found it on level 13 of the Dungeon)
 16870 | D:12     | Learned a level 3 spell: Portal Projectile
 16875 | D:12     | Learned a level 4 spell: Summon Lightning Spire
 17971 | D:12     | Noticed Gastronok
 18064 | D:12     | Killed Gastronok
 18323 | D:12     | Gained mutation: Your muscles are strong. (Str +2) [potion
                  | of mutation]
 18323 | D:12     | Gained mutation: You are robust. (+10% HP) [potion of
                  | mutation]
 18701 | D:13     | Noticed a boulder beetle
 18758 | D:13     | Killed a boulder beetle
 18762 | D:13     | Noticed a boulder beetle
 19177 | D:12     | Killed a boulder beetle
 19378 | D:13     | Noticed Sonja
 19390 | D:13     | Killed Sonja
 19459 | D:13     | Noticed a two-headed ogre
 19460 | D:13     | Noticed a two-headed ogre
 19489 | D:13     | Reached XP level 13. HP: 111/111 MP: 14/26
 20190 | D:13     | Found a gate to the Vaults.
 20277 | D:12     | Identified Ycatisar's Almanac of Earth and Venom (Sif Muna
                  | gifted it to you on level 12 of the Dungeon)
 20277 | D:12     | Received a gift from Sif Muna
 20878 | D:14     | Reached skill level 10 in Spellcasting
 21243 | D:14     | Learned a level 4 spell: Sticky Flame
 21378 | D:15     | Entered Level 15 of the Dungeon
 21442 | D:14     | Reached XP level 14. HP: 119/119 MP: 28/28
 21462 | D:14     | Reached skill level 10 in Fighting
 21462 | D:14     | Reached skill level 10 in Axes
 21462 | D:14     | Reached skill level 10 in Dodging
 21566 | D:13     | Demolished by a boulder beetle

Illustrated notes

Levels and vault maps discovered:
D:1:      lightli_arrival_farm, layout_loops_ring, serial_forest,
          infiniplex_forest_clump_diagonal, infiniplex_forest_split,
          infiniplex_forest_zigzag_2, infiniplex_forest_clump_small,
          infiniplex_forest_side_room, infiniplex_forest_lined_1,
          infiniplex_forest_clump_cross, infiniplex_forest_clump_long,
          infiniplex_forest_straight_5, minmay_heptomino_l4
D:2:      layout_basic, uniq_terence
D:3:      layout_rooms, uniq_robin
D:4:      layout_rooms, lemuel_doored_altar, uniq_eustachio, uniq_sigmund
D:5:      layout_gridville, dancing_weapons_uskayaw, kennysheep_mini_moat,
          minmay_temple_entry_glassed_door, roderic_malta_cross
D:6:      layout_loops_ring, xom_confusion_cloud
D:7:      layout_loops_cross, overflow_temple_1_default, uniq_menkaure
D:8:      gammafunk_the_bubble [the_bubble_gammafunk_split], layout_layer_cave,
          fedhas_bush_and_centaur_altar
D:9:      layout_roguey, statue_in_the_mist_lemuel
D:10:     layout_loops_ring, grunt_lair_entry_orc_guard_hut, erik_orc_1,
          evilmike_ruin_ashenzari
D:11:     cheibrodos_statue_roulette, layout_stronghold, serial_shops,
          nicolae_shop_crystal, uniq_erica
D:12:     layout_roguey, uniq_gastronok
D:13:     layout_gridville, hangedman_vaults_entry_quadrant_bands, uniq_sonja
D:14:     nicolae_whirlpool, layout_long_grid, nicolae_trove_entry_columns,
          serial_park_square2, minmay_misc_feat_secret_circle
D:15:     hangedman_depths_entry_civil_slaughter, layout_cave_pods,
          amethyst_killhole, special_room [special_room_mythical_zoo],
          uniq_kirke
Temple:   lightli_temple_of_artemis

Skill      XL: |  1  2  3  4  5  6  7  8  9 10 11 12 13 14 |
---------------+-------------------------------------------+-----
Spellcasting   | 5 6 7 8 9 10 | 10.2
Invocations    | 1 2 3 4 5 6 7 8 9 |  9.7
Short Blades   | 1 2 3 4 5 6 7 8 |  8.9
Long Blades    | 1 2 3 4 5 6 7 8 |  8.9
Maces & Flails | 1 2 3 4 5 6 7 8 |  8.9
Polearms       | 1 2 3 4 5 6 7 8 |  8.9
Staves         | 1 2 3 4 5 6 7 8 |  8.9
Slings         | 1 2 3 4 5 6 7 8 |  8.9
Bows           | 1 2 3 4 5 6 7 8 |  8.9
Crossbows      | 1 2 3 4 5 6 7 8 |  8.9
Stealth        | 1 2 3 4 5 6 7 8 |  8.9
Shields        | 1 2 3 4 5 6 7 8 |  8.9
Unarmed Combat | 1 2 3 4 5 6 7 8 |  8.9
Evocations     | 1 2 3 4 5 6 7 8 |  8.9
Conjurations   | 1 2 3 4 5 6 7 |  7.4
Hexes          | 1 2 3 4 5 6 7 |  7.4
Summonings     | 1 2 3 4 5 6 7 |  7.4
Necromancy     | 1 2 3 4 5 6 7 |  7.4
Transmutations | 1 2 3 4 5 6 7 |  7.4
Fire Magic     | 1 2 3 4 5 6 7 |  7.4
Ice Magic      | 1 2 3 4 5 6 7 |  7.4
Air Magic      | 1 2 3 4 5 6 7 |  7.4
Earth Magic    | 1 2 3 4 5 6 7 |  7.4
Poison Magic   | 1 2 3 4 5 6 7 |  7.4
Throwing       | 3 4 5 6 7 8 9 |  9.3
Armour         | 3 4 5 6 7 8 9 |  9.3
Fighting       | 5 6 7 8 9 10 | 10.0
Axes           | 5 6 7 8 9 10 | 10.0
Dodging        | 5 6 7 8 9 10 | 10.0
Translocations | 6 7 8 9 |  9.3

Action                   |  1- 3 |  4- 6 |  7- 9 | 10-12 | 13-15 || total
-------------------------+-------+-------+-------+-------+-------++-------
Melee: Hand axe          |    96 |   144 |    35 |       |       ||   275
       Bite              |    11 |    18 |    26 |    57 |    26 ||   138
       Punch             |       |     2 |     1 |     5 |     5 ||    13
       War axe           |       |       |    28 |     4 |       ||    32
       Mace              |       |       |     2 |       |       ||     2
       Battleaxe         |       |       |   196 |   288 |    76 ||   560
       Dagger            |       |       |       |   100 |    95 ||   195
 Fire: Hand crossbow     |       |       |       |       |     4 ||     4
       Longbow           |       |       |       |       |     2 ||     2
Throw: Boomerang         |     9 |    17 |    20 |    31 |     3 ||    80
       Dart              |       |     3 |     3 |    46 |    17 ||    69
       Javelin           |       |       |    12 |     1 |     9 ||    22
 Cast: Gell's Gravitas   |     3 |    11 |    25 |    32 |    16 ||    87
       Blink             |     2 |     2 |     5 |    22 |    12 ||    43
       Inner Flame       |       |       |       |    12 |     9 ||    21
       Portal Projectile |       |       |       |     7 |     7 ||    14
       Summon Lightning  |       |       |       |     3 |     1 ||     4
       Sticky Flame      |       |       |       |       |     2 ||     2
Evoke: Lightning rod     |       |       |       |     3 |       ||     3
       Wand              |       |       |       |     2 |     1 ||     3
  Use: Scroll            |       |     5 |     3 |    20 |     2 ||    30
       Potion            |       |     1 |     2 |     7 |       ||    10
 Stab: Sleeping          |       |     3 |     9 |    19 |     6 ||    37
       Distracted        |       |       |       |     3 |       ||     3
       Invisible         |       |       |       |     1 |       ||     1
Armor: Leather armour    |    21 |    33 |   112 |    69 |    16 ||   251
       Chain mail        |       |       |       |    57 |       ||    57
       Troll leather arm |       |       |       |       |    38 ||    38
Dodge: Dodged            |    72 |   102 |   314 |   412 |   141 ||  1041
Block: Other             |       |       |       |       |    30 ||    30
       Reflection        |       |       |       |       |     4 ||     4
